 Dungeon Crawl Stone Soup version 0.19-a0-1292-g796ee4d (webtiles) character file.

1313 BeowulfAlex the Destroyer (level 8, 0/44 HPs)
             Began as a Deep Elf Conjurer on Aug 30, 2016.
             Was a Believer of Vehumet.
             Killed from afar by an orc wizard (5 damage)
             ... with a magic dart
             ... on level 6 of the Dungeon.
             The game lasted 00:23:23 (4736 turns).

BeowulfAlex the Destroyer (Deep Elf Conjurer)       Turns: 4736, Time: 00:23:23

Health: 0/44       AC:  3    Str:  5    XL:     8   Next: 32%
Magic:  1/19       EV: 14    Int: 23    God:    Vehumet [**....]
Gold:   308        SH:  0    Dex: 20    Spells: 4 memorised, 8 levels left

rFire  + . .     SeeInvis .     f - -1 mace (curse)
rCold  . . .     Gourm    .     a - +0 robe
rNeg   . . .     Faith    +     (no shield)
rPois  .         Spirit   .     H - +0 helmet
rElec  .         Dismiss  .     (no cloak)
rCorr  .         Reflect  .     (no gloves)
MR     .....     Harm     .     (no boots)
Stlth  +++.......               e - amulet of faith
                                I - ring of protection from fire
                                E - +5 ring of dexterity

@: very slightly contaminated, slowed, very slow
A: no striking features
a: Renounce Religion


You were on level 6 of the Dungeon.
You worshipped Vehumet.
Vehumet was pleased with you.
You were not hungry.

You visited 2 branches of the dungeon, and saw 8 of its levels.

You collected 308 gold pieces.

Inventory:

Hand Weapons
 f - a cursed -1 mace (weapon)
 r - a +0 flail of crushing
 s - a +2 whip of electrocution
Armour
 a - a +0 robe (worn)
 H - a +0 helmet (worn)
Jewellery
 e - an amulet of faith (around neck)
 E - a +5 ring of dexterity (left hand)
 I - a ring of protection from fire (right hand)
Wands
 y - a wand of random effects (29/48)
Scrolls
 g - 2 scrolls of blinking
 h - 4 scrolls of remove curse {unknown}
 i - 3 scrolls of immolation {unknown}
 l - 6 scrolls of identify {unknown}
 m - 3 scrolls of noise {unknown}
 o - 3 scrolls of recharging {unknown}
 p - a scroll of fear {unknown}
 v - a scroll of acquirement {unknown}
 w - 2 scrolls of teleportation {unknown}
 A - a scroll of amnesia {unknown}
 B - 2 scrolls of magic mapping {unknown}
 C - 3 scrolls of enchant armour {unknown}
 F - 2 scrolls of fog {unknown}
Potions
 d - 2 potions of heal wounds {unknown}
 j - 2 potions of haste {unknown}
 k - 3 potions of mutation {unknown}
 n - a potion of degeneration {unknown}
 q - a potion of brilliance {unknown}
 t - a potion of resistance {unknown}
 u - a potion of curing {unknown}
 x - a potion of might {unknown}
 J - a potion of ambrosia {unknown}
Books
 b - a book of Conjurations

   Spells                             Type                      Level
   a - Magic Dart                     Conjuration                  1
   b - Searing Ray                    Conjuration                  2
   c - Dazzling Spray                 Conjuration/Hexes            3
   d - Fulminant Prism                Conjuration/Hexes            4
   e - Iskenderun's Mystic Blast      Conjuration                  4
   f - Iskenderun's Battlesphere      Conjuration/Charms           5
Comestibles
 c - 5 bread rations
 z - 2 meat rations
 D - 2 royal jellies
 G - 3 chunks of flesh


   Skills:
 - Level 2.0 Fighting
 + Level 3.7 Dodging
 - Level 3.0 Stealth
 - Level 6.0 Spellcasting
 * Level 9.7 Conjurations
 + Level 3.8 Charms


You had 8 spell levels left.
You knew the following spells:

 Your Spells              Type           Power        Failure   Level  Hunger
a - Magic Dart            Conj           ####         1%          1    None
b - Searing Ray           Conj           ######       1%          2    None
c - Dazzling Spray        Conj/Hex       ####..       4%          3    #......
d - Iskenderun's Battles  Conj/Chrm      #####...     17%         5    #####..


Dungeon Overview and Level Annotations

Branches:
Dungeon (7/15)             Temple (1/1) D:4

Altars:
Ashenzari
Cheibriados
Dithmenos
Elyvilon
Hepliaklqana
Kikubaaqudgha
Makhleb
Qazlal
Ru
Sif Muna
Trog
Uskayaw
Vehumet
Xom
Yredelemnul
Zin
The Shining One

Shops:
D:4 ?   D:5 (   D:6 }


Message History

The orc wizard blinks!
Things that are here:
a whip; an orc corpse You butcher the orc corpse.
The orc wizard casts a spell.
The orc wizard blinks!
Some of the chunks of flesh in your inventory have rotted away.
Things that are here:
a whip; 4 chunks of flesh; an orc skeleton You start resting.
Casting: Magic Dart
Confirm with . or Enter, or press ? or * to list all spells.
Aiming: Magic Dart
Press: ? - help, Shift-Dir - straight line, f/p - orc wizard
Aim: an orc wizard, wielding a dagger and wearing a robe (moderately wounded, fast)
The magic dart hits the orc wizard.
The orc wizard is severely wounded.
The orc wizard points at you and mumbles some strange words.
The magic dart hits you!
You die...

..............#..♣♣♣...♣♣♣.......
.######.###.#................#..#
........###.#................#..#
.######.....##.#..#..........#..#
.# #(###.##.#o.#^.........#..# .#
#.###.##.#..#..........#...
.######...............##.#####..#
.........................#####..#
######..........@#####..........#
######..###.##..># ##.###.......
........###.##.#.# #....#.##.#..
##...............# #............
#####...##.)####.####.........##.
# #...##..####.##......#.#####.
#####...#........................
#.......#...#.##.##.#...##.#####.
............#.##........##.###.#.


You could see an orc wizard.

Vanquished Creatures
  The ghost of 4get the Chiller, an amateur HuIE of Makhleb (D:6)
  2 black bears
  An ogre (D:4)
  A phantom (D:7)
  A centaur (D:5)
  2 scorpions
  4 howler monkeys
  2 orc priests
  A hound (D:5)
  A giant frog skeleton (D:4)
  An iguana (D:5)
  Terence (D:3)
  2 orc wizards (D:6)
  3 worker ants (D:4)
  A hound skeleton (D:4)
  3 gnolls (D:5)
  5 adders
  2 shadow imps (D:7)
  An ooze (D:4)
  An adder skeleton (D:6)
  4 worms
  2 dart slugs
  2 giant geckos
  13 orcs
  2 ball pythons
  6 bats
  3 giant cockroaches
  5 goblins
  3 hobgoblins (D:1)
  11 jackals
  3 quokkas
  A ball python skeleton (D:4)
  3 giant newts
  A jackal skeleton (D:4)
  5 kobolds
  A quokka skeleton (D:7)
  6 rats
107 creatures vanquished.

Notes
Turn   | Place    | Note
-------+----------+-------------------------------------------
     0 | D:1      | BeowulfAlex the Deep Elf Conjurer began the quest for the Orb.
     0 | D:1      | Reached XP level 1. HP: 10/10 MP: 6/6
   368 | D:1      | Reached XP level 2. HP: 15/15 MP: 0/8
   517 | D:1      | Learned a level 2 spell: Searing Ray
   570 | D:1      | Reached skill level 5 in Conjurations
   933 | D:2      | Found a glowing golden altar of the Shining One.
   957 | D:2      | Reached XP level 3. HP: 19/19 MP: 3/10
  1530 | D:3      | Reached XP level 4. HP: 24/24 MP: 4/12
  1642 | D:3      | Found a shimmering altar of Xom.
  1683 | D:3      | Learned a level 3 spell: Dazzling Spray
  1707 | D:3      | Noticed Terence
  1711 | D:3      | Killed Terence
  1734 | D:3      | Found a radiant altar of Vehumet.
  1739 | D:3      | Became a worshipper of Vehumet
  2233 | D:4      | Noticed an ogre
  2240 | D:4      | Killed an ogre
  2240 | D:4      | Reached skill level 1 in Fighting
  2240 | D:4      | Reached skill level 6 in Conjurations
  2240 | D:4      | Reached XP level 5. HP: 29/29 MP: 5/13
  2444 | D:4      | Reached * piety under Vehumet
  2444 | D:4      | Offered knowledge of Sting by Vehumet.
  2444 | D:4      | Reached XP level 6. HP: 32/34 MP: 8/14
  2628 | D:4      | Found Xilues's Magic Scroll Boutique.
  2736 | D:4      | Reached skill level 7 in Conjurations
  2860 | D:4      | Reached skill level 5 in Spellcasting
  2879 | D:4      | Found a staircase to the Ecumenical Temple.
  2905 | Temple   | Entered the Ecumenical Temple
  3055 | D:5      | Entered Level 5 of the Dungeon
  3055 | D:5      | Found a stormy altar of Qazlal.
  3079 | D:5      | Reached XP level 7. HP: 22/38 MP: 10/17
  3082 | D:5      | Found Lineh's Antique Weapon Shop.
  3244 | D:5      | Found a hide-covered altar of Uskayaw.
  3513 | D:5      | Found a basalt altar of Yredelemnul.
  3517 | D:5      | Reached skill level 8 in Conjurations
  3532 | D:5      | Learned a level 5 spell: Iskenderun's Battlesphere
  3577 | D:5      | Found a white marble altar of Elyvilon.
  3767 | D:6      | Reached ** piety under Vehumet
  3771 | D:6      | Offered knowledge of Freeze by Vehumet.
  4110 | D:6      | Noticed 4get's ghost (amateur HuIE)
  4116 | D:6      | Killed 4get's ghost
  4151 | D:6      | Found Buler's Gadget Shoppe.
  4377 | D:6      | Reached skill level 9 in Conjurations
  4509 | D:7      | Reached XP level 8. HP: 44/44 MP: 15/19
  4736 | D:6      | Killed from afar by an orc wizard

Vault maps used:
D:1:      dpeg_arrival_houses_and_road
D:2:      nicolae_overflow_crystal_walls, minmay_pentomino_p2
D:3:      overflow_temple_1_default, old_standard_altar, uniq_terence
D:4:      serial_shops, nicolae_shop_behind_doors, first_bread
D:5:      black_bear_nest_2, kennysheep_ying_yang, lemuel_crystal_altar,
          serial_shops, shop, kennysheep_flooded_box
D:6:      serial_shops, shop, minmay_stone_trees_medium
D:7:      grunt_temple_overflow_open
Temple:   compressed_dpeg_circular_temple

Skill      XL: |  1  2  3  4  5  6  7  8 |
---------------+-------------------------+-----
Conjurations   | 5 6 7 9 |  9.7
Stealth        | 3 |  3.0
Spellcasting   | 4 5 6 |  6.0
Dodging        | 3 |  3.7
Fighting       | 1 2 |  2.0
Charms         | 2 3 |  3.8

Action                   |  1- 3 |  4- 6 |  7- 9 || total
-------------------------+-------+-------+-------++-------
Melee: Mace              |    13 |       |     1 ||    14
 Cast: Magic Dart        |    60 |    59 |    81 ||   200
       Searing Ray       |     5 |    14 |    17 ||    36
       Dazzling Spray    |       |     1 |     1 ||     2
       Iskenderun's Batt |       |       |     1 ||     1
Evoke: Wand              |       |       |     1 ||     1
  Use: Scroll            |       |       |     1 ||     1
  Eat: Chunk             |     2 |     5 |     5 ||    12
Armor: Robe              |     4 |       |     3 ||     7
Dodge: Dodged            |    14 |     7 |    13 ||    34
